Map: Deathaura LE

Players

Serral

  • Race: Zerg Zerg
  • League: Master
  • Spawn Location: 11:00

LiquidClem (Clem) - Winner!

  • Race: Terran Terran
  • League: Grandmaster
  • Spawn Location: 5:00

Event: DreamHack SC2 Masters 2020 Winter

VOD

Have the link to the VOD?

Description

Time

  • Played on: Nov. 6, 2020, 12:36 p.m.
  • Length: 11:38

All games in this series

Show
View Real Time Build Order
Export as new Build Order

Serral Zerg 

Build Orders: Hatch First 

Get SALT Encoding   

  12  0:00  Drone  
  13  0:12  Overlord  
  13  0:16  Drone  
  14  0:30  Drone x2  
  14  0:34  Drone  
  17  0:52  Hatchery  
  17  0:55  Drone  
  17  1:14  Drone  
  18  1:19  Spawning Pool, Drone  
  18  1:22  Drone  
  19  1:30  Drone, Extractor x2  
  18  1:38  Drone  
  19  1:50  Drone  
  20  2:05  Queen x2  
  20  2:06  Zergling x4  
  26  2:12  Overlord  
  26  2:14  Drone  
  27  2:28  Hatchery  
  26  2:32  Drone  
  27  2:43  Roach Warren  
  26  2:45  Drone  
  27  2:53  Drone x2  
  27  2:57  Drone x2  
  31  3:01  Drone  
  32  3:06  Overlord  
  32  3:16  Overlord  
  32  3:24  Roach x3  
  32  3:26  Roach  
  40  3:30  Roach  
  40  3:33  Roach  
  44  3:41  Roach x2  
  48  3:48  Roach  
  50  3:51  Drone x3  
  50  3:55  Overlord  
  53  3:58  Drone  
  53  4:00  Drone  
  54  4:03  Drone  
  54  4:05  Drone  
  54  4:08  Overlord  
  55  4:15  Ravager  
  55  4:16  Ravager  
  57  4:17  Queen  
  57  4:24  Overlord  
  59  4:26  Drone  
  59  4:29  Drone  
  59  4:30  Drone x3  
  65  4:31  Drone  
  65  4:38  Drone x2  
  67  4:41  Drone  
  67  4:43  Drone x2  
  67  4:45  Drone  
  71  4:48  Ravager  
  71  4:51  Drone  
  71  4:52  Drone  
  70  4:54  Drone  
  70  4:57  Drone  
  70  4:59  Drone  
  63  5:00  Drone x4  
  63  5:06  Queen x2  
  67  5:10  Metabolic Boost  
  67  5:15  Drone x3, Extractor  
  67  5:16  Extractor  
  68  5:21  Drone x2  
  68  5:24  Drone x2  
  68  5:25  Evolution Chamber  
  68  5:26  Evolution Chamber  
  70  5:30  Drone x3  
  70  5:32  Overlord  
  70  5:35  Zergling x2  
  74  5:40  Hatchery, Drone  
  74  5:46  Extractor  
  74  5:47  Drone  
  74  5:48  Overlord  
  74  5:49  Overlord x3  
  74  5:56  Zerg Ground Armor Level 1  
  74  6:00  Zerg Melee Weapons Level 1  
  74  6:01  Zergling x12  
  80  6:04  Drone  
  80  6:05  Zergling x2  
  80  6:07  Overlord  
  82  6:11  Zergling x2  
  82  6:15  Baneling Nest  
  82  6:16  Lair  
  82  6:18  Drone x5  
  84  6:19  Drone  
  84  6:20  Drone  
  84  6:22  Zergling x2  
  84  6:23  Zergling x2  
  90  6:26  Zergling x2  
  90  6:27  Zergling x2  
  90  6:31  Zergling x2, Roach x3  
  99  6:38  Zergling x2  
  100  6:43  Zergling x4  
  100  6:47  Zergling x12  
  108  7:02  Zergling x16  
  108  7:05  Baneling x4  
  108  7:06  Baneling x4  
  116  7:09  Ravager x3  
  116  7:11  Queen  
  116  7:12  Drone x2  
  116  7:13  Overlord x2, Drone  
  124  7:16  Overlord, Centrifical Hooks  
  124  7:21  Drone  
  124  7:22  Extractor  
  124  7:25  Zergling x2  
  124  7:26  Zergling x4  
  127  7:33  Zergling x8  
  127  7:36  Drone x2  
  132  7:37  Drone  
  132  7:40  Overlord  
  132  7:42  Drone x3  
  132  7:43  Zergling x2, Drone  
  137  7:46  Baneling x2  
  137  7:47  Zergling x4  
  139  7:54  Drone x2  
  139  7:55  Infestation Pit  
  139  7:56  Zerg Melee Weapons Level 2  
  140  8:00  Zergling x2  
  140  8:01  Zergling x4  
  140  8:02  Spore Crawler  
  140  8:05  Zergling x8  
  146  8:07  Zerg Ground Armor Level 2  
  146  8:11  Overlord  
  146  8:12  Zergling x12  
  151  8:15  Hatchery  
  151  8:16  Overlord  
  151  8:17  Baneling  
  151  8:18  Overlord, Baneling x5  
  150  8:20  Overlord  
  150  8:21  Zergling x2  
  150  8:24  Overlord x2  
  149  8:30  Baneling x4  
  149  8:32  Zergling x2  
  149  8:33  Zergling x10  
  154  8:41  Zergling x18  
  158  8:44  Baneling  
  158  8:45  Baneling x5  
  158  8:47  Zergling x6  
  156  8:50  Baneling x7  
  156  8:51  Zergling x2  
  151  8:56  Zergling x6  
  152  9:03  Zergling x12  
  145  9:11  Zergling x2  
  145  9:12  Zergling x14  
  145  9:16  Baneling x2  
  145  9:17  Baneling x3  
  135  9:18  Zergling x6  
  135  9:22  Zergling x2  
  130  9:27  Queen  
  130  9:29  Zergling x8  
  130  9:30  Hive  
  136  9:36  Zergling x6  
  139  9:40  Baneling x5  
  139  9:43  Zergling x6  
  140  9:46  Zergling x4  
  134  9:57  Zergling x12  
  118  10:04  Zergling x6  
  99  10:08  Zergling x14  
  99  10:12  Zergling x8  
  99  10:13  Zergling x6  
  112  10:15  Baneling  
  112  10:16  Zergling x2, Baneling x9  
  112  10:17  Queen  
  112  10:21  Drone  
  116  10:22  Zergling x4  
  116  10:26  Zergling x2  
  119  10:31  Zergling x2  
  119  10:32  Hatchery  
  119  10:35  Overlord  
  119  10:37  Drone x3, Extractor  
  119  10:38  Zergling x10  
  119  10:41  Baneling x7  
  119  10:42  Baneling  
  126  10:44  Zergling x6, Ultralisk Cavern  
  128  10:50  Zergling x2  
  128  10:55  Zergling x6  
  132  11:02  Zergling x8  
  134  11:16  Zergling x14  
  135  11:33  Hatchery  
Show
View Real Time Build Order
Export as new Build Order

LiquidClem Terran - Winner!

Build Orders: Reaper Expand 

Get SALT Encoding   

  12  0:00  SCV  
  13  0:13  SCV  
  14  0:16  Supply Depot  
  14  0:25  SCV  
  15  0:38  SCV  
  15  0:39  Barracks  
  16  0:43  Refinery  
  16  0:50  SCV  
  17  1:02  SCV  
  18  1:14  SCV  
  19  1:27  Reaper, Orbital Command  
  20  1:41  Command Center  
  20  1:51  Supply Depot  
  20  1:53  SCV  
  21  1:58  Marine  
  22  2:06  Factory  
  22  2:08  SCV  
  23  2:20  Barracks Reactor  
  23  2:21  SCV  
  24  2:33  SCV  
  25  2:45  SCV, Command Center  
  26  2:54  Orbital Command  
  26  2:57  SCV  
  27  3:03  Barracks  
  27  3:07  Barracks Tech Lab  
  27  3:09  SCV  
  27  3:10  Hellion  
  30  3:14  Hellion  
  32  3:21  SCV x2  
  32  3:27  Refinery  
  34  3:28  Stimpack  
  34  3:29  Marine  
  34  3:33  SCV x2  
  37  3:45  SCV  
  37  3:46  Starport  
  37  3:48  Marine  
  39  3:50  SCV  
  40  3:57  SCV  
  40  3:59  Orbital Command, Marine  
  40  4:02  SCV, Marine, Factory Tech Lab  
  43  4:07  Bunker  
  43  4:09  Bunker, Marauder  
  46  4:10  SCV  
  46  4:14  SCV  
  48  4:17  Marine  
  48  4:20  Marine  
  48  4:22  SCV, Siege Tank  
  55  4:24  SCV  
  55  4:26  SCV  
  56  4:32  Supply Depot  
  56  4:34  SCV  
  56  4:35  Marauder  
  56  4:36  SCV  
  60  4:38  SCV  
  60  4:40  Marine  
  60  4:41  Marine  
  57  4:46  SCV  
  57  4:48  SCV  
  57  4:51  SCV  
  56  4:56  Marauder  
  56  4:57  Starport Reactor  
  56  4:58  SCV  
  56  4:59  Marine  
  53  5:01  SCV  
  53  5:03  Marine  
  53  5:05  SCV  
  56  5:07  Barracks  
  56  5:08  Siege Tank  
  56  5:09  Refinery  
  59  5:14  SCV  
  59  5:16  Engineering Bay  
  59  5:17  Engineering Bay, Marine  
  59  5:21  Supply Depot, Orbital Command  
  61  5:27  Combat Shield  
  61  5:29  Marine  
  61  5:30  SCV, Marauder  
  61  5:31  SCV  
  61  5:35  Marine  
  67  5:36  Refinery  
  67  5:38  Barracks  
  67  5:39  Barracks  
  67  5:42  SCV  
  68  5:43  SCV  
  68  5:44  Supply Depot  
  68  5:47  Marine  
  68  5:48  SCV  
  68  5:49  Medivac  
  73  5:52  Medivac  
  73  5:54  SCV, Marine  
  77  5:59  Barracks Reactor  
  77  6:04  Supply Depot  
  77  6:05  SCV x2  
  77  6:06  SCV  
  77  6:07  Supply Depot  
  77  6:10  Marine  
  81  6:14  Supply Depot, Marine  
  81  6:15  Marine  
  83  6:18  Terran Infantry Armor Level 1  
  83  6:19  SCV, Terran Infantry Weapons Level 1  
  83  6:20  SCV  
  85  6:28  Barracks Reactor x2, Marine  
  85  6:29  SCV  
  85  6:31  SCV  
  85  6:32  Marine  
  89  6:33  SCV  
  89  6:34  Marine  
  89  6:35  Marine x2  
  89  6:37  Supply Depot  
  89  6:39  Siege Tank  
  96  6:41  SCV  
  96  6:45  Supply Depot  
  97  6:47  Refinery, Marine  
  97  6:49  SCV  
  97  6:50  SCV, Marine  
  97  6:52  Marine  
  97  6:54  Marine x2  
  101  6:56  SCV  
  101  6:58  Medivac x2  
  101  7:01  SCV, Supply Depot  
  106  7:02  SCV  
  106  7:06  Marine x3  
  111  7:08  SCV  
  111  7:09  Supply Depot  
  111  7:13  SCV, Marine  
  111  7:14  SCV  
  115  7:15  Siege Tank  
  115  7:16  Marine x2  
  115  7:17  Marine x2  
  115  7:18  Marine  
  115  7:20  SCV  
  124  7:23  Factory  
  124  7:28  Armory  
  124  7:29  SCV, Marine  
  126  7:35  Marine x2  
  126  7:36  Supply Depot, Marine  
  129  7:38  Marine x3  
  129  7:39  Marine x2  
  129  7:42  Liberator  
  137  7:44  Medivac  
  137  7:48  Marine  
  140  7:51  Supply Depot  
  140  7:57  Siege Tank  
  143  7:59  Command Center  
  143  8:00  Marine  
  143  8:04  Marine  
  143  8:05  Marine x4  
  146  8:08  Marine  
  146  8:12  Marine x2  
  149  8:17  Medivac  
  153  8:21  Marine  
  153  8:22  Supply Depot, Marine  
  153  8:23  Terran Infantry Weapons Level 2  
  153  8:24  Supply Depot  
  155  8:31  Marine  
  155  8:33  Marine  
  155  8:34  Supply Depot  
  157  8:35  Marine  
  157  8:36  Siege Tank  
  157  8:38  Marine x2  
  157  8:43  Marine x2  
  157  8:46  Marine  
  155  8:49  SCV  
  155  8:50  SCV x2, Marine  
  155  8:53  Marine  
  152  8:56  Marine x2  
  152  9:00  Terran Infantry Armor Level 2  
  152  9:01  SCV  
  152  9:02  SCV  
  155  9:03  Factory Tech Lab  
  155  9:04  Marine x2  
  155  9:05  Marine  
  155  9:08  Siege Tank  
  153  9:12  Marine x2  
  150  9:17  Marine  
  150  9:18  SCV, Marine  
  150  9:21  Marine x2  
  150  9:23  Marine x3, Liberator  
  155  9:25  Medivac  
  155  9:30  Marine x2  
  159  9:34  SCV, Barracks  
  159  9:35  Marine, Barracks  
  159  9:36  Marine, Barracks  
  162  9:39  Marine  
  162  9:40  Siege Tank x2  
  162  9:42  Marine x2  
  162  9:44  Marine  
  172  9:46  Marine  
  171  9:55  Medivac  
  171  9:56  Marine x2  
  159  10:04  Marauder  
  159  10:06  Medivac  
  145  10:07  Marine x2  
  145  10:11  SCV x3  
  145  10:14  Marine x3  
  145  10:19  Planetary Fortress  
  148  10:22  Refinery, Marine x2  
  148  10:23  SCV x2  
  148  10:24  Medivac, Marine x3  
  148  10:26  Marauder, Marine, Barracks Tech Lab  
  160  10:28  SCV  
  160  10:30  Marine  
  160  10:32  Marine  
  160  10:35  SCV, Marine x2  
  166  10:37  Siege Tank  
  166  10:38  Siege Tank  
  166  10:40  SCV x2, Marine x2  
  176  10:45  Marine  
  176  10:46  Refinery, Marine  
  178  10:50  Command Center  
  178  10:53  Marauder  
  180  11:01  Marine  
  180  11:02  Marauder, Marine x2  
  184  11:04  Marine x2  
  184  11:06  Supply Depot, Marine  
  190  11:15  Marauder  
  195  11:18  Marine  
  195  11:22  Supply Depot  
Tags
 
Add a new tag
Caveats
  • Supply blocks, unpowered buildings, or Contaminate may cause inaccurate times.
  • Supply counts are checked every 10 seconds.